 Dungeon Crawl Stone Soup version 0.31.0-1-g2c135a0 (webtiles) character file.

Game seed: 13710765806482745671

151 Lancus the Magician (level 5, -1/24 HPs)
             Began as a Spriggan Earth Elementalist on Feb 17, 2024.
             Killed by nerve-wracking pain
             ... invoked by an orc priest
              (5 damage)
             ... on level 3 of the Dungeon.
             The game lasted 00:08:15 (2015 turns).

Lancus the Magician (Spriggan Earth Elementalist)   Turns: 2015, Time: 00:08:17

Health: -1/24      AC:  2    Str:  4    XL:     5   Next: 10%
Magic:  12/13      EV: 18    Int: 19    God:
Gold:   79         SH:  0    Dex: 21    Spells: 13/14 levels left

rFire   . . .        (weapon restricted)
rCold   . . .        (no shield)
rNeg    . . .        a - +0 robe
rPois   .            (helmet restricted)
rElec   .            (no cloak)
rCorr   .            (gloves unavailable)
SInv    +            (boots unavailable)
Will    .....        (no amulet)
Stlth   +++          c - +6 ring of dexterity
HPRegen 0.24/turn    n - ring of wizardry
MPRegen 0.13/turn

%: wizardry (x1)
@: very quick
A: very small, no large weapons, unfitting armour, see invisible, speed 3
a: no special abilities


You were on level 3 of the Dungeon.
You visited 1 branch of the dungeon, and saw 3 of its levels.

You collected 79 gold pieces.

Inventory:

Armour
 a - a +0 robe (worn)
Jewellery
 c - a +6 ring of dexterity (left hand)
 g - a ring of wizardry
 n - a ring of wizardry (right hand)
Wands
 b - a wand of iceblast (4)
Scrolls
 e - a scroll of enchant weapon
Potions
 d - a potion of curing
 f - a potion of degeneration {unknown}
 h - a potion of brilliance {unknown}
 i - a potion of might {unknown}
 j - a potion of lignification {unknown}


   Skills:
 + Level 3.0 Dodging
 + Level 3.2 Stealth
 + Level 5.1 Spellcasting
 + Level 0.6 Conjurations
 + Level 3.9 Earth Magic


You had 13 spell levels left.
You knew the following spells:

 Your Spells              Type           Power      Damage    Failure   Level
a - Sandblast             Erth           38%        2d10      1%          1

Your spell library contained the following spells:

 Spells                   Type           Power      Damage    Failure   Level
 Passwall                 Erth           19%        N/A       3%          3
 Stone Arrow              Conj/Erth      26%        3d8       6%          3
 Brom's Barrelling Bould  Conj/Erth      13%        2d4       19%         4
 Petrify                  Alch/Erth      12%        N/A       21%         4


Dungeon Overview and Level Annotations

Branches:
Dungeon (3/15)

Altars:

Shops:
D:3 (*

Annotations:
D:2 Natasha
D:3 1 runed translucent door, Crazy Yiuf


Innate Abilities, Weirdness & Mutations

You are very small and have problems with some larger weapons.
You are too small for most types of armour.
You have supernaturally acute eyesight. (SInv)
You cover ground extremely quickly. (Speed+++)


Message History

Aim: an orc, wielding a +0 dagger and wearing a +0 scale mail (severely wounded, 84% to hit)
The blast of sand hits the orc but does no damage.
The orc is severely wounded.
The orc closely misses you.
Aiming: Sandblast (safe; 1% risk of failure)
Press: ? - help, Q - select action Shift-Dir - straight line, f/p - orc
Aim: an orc, wielding a +0 dagger and wearing a +0 scale mail (severely wounded, 84% to hit)
The blast of sand hits the orc.
You kill the orc!
Things that are here:
a +0 dagger; a +0 scale mail Crazy Yiuf grits, "Candle arm sing!"
HP restored.
There is an entrance to Muepson's Assorted Antiques here.
You see here a +0 leather armour.
There is an entrance to Igoirphodgh's Weapon Emporium here.
b - a wand of iceblast (4)
An orc comes into view. It is wielding a +0 club.
An orc is nearby!
The orc shouts!
The orc priest shouts!
The orc priest calls down the wrath of Beogh upon you.
Beogh smites you!
Ouch! That really hurt!
Aiming: Sandblast (safe; 1% risk of failure)
Press: ? - help, Q - select action, (/) - cycle Shift-Dir - straight line, f - orc
Aim: an orc, wielding a +0 club and wearing a +0 chain mail (87% to hit)
The blast of sand hits the orc but does no damage.
The orc shouts!
The orc priest invokes the aid of Beogh against you.
Beogh smites you!
* * * LOW HITPOINT WARNING * * *
An orc is nearby!
Aiming: Sandblast (safe; 1% risk of failure)
Press: ? - help, Q - select action, (/) - cycle Shift-Dir - straight line, f/p - orc
Aim: an orc, wielding a +0 club and wearing a +0 chain mail (87% to hit)
The blast of sand hits the orc but does no damage.
The orc priest invokes the aid of Beogh against you.
Pain shoots through your body!
You die...

,,,,,,,*#..##..#####...o.##......
,,,,,,,**#.......)..o######.....#
,,,,,*,.,*#..........# ##......#
*******#<##.........## #........
*............# #.#∩.....
###.......o..# #.#......
#.......o#..#### #.####...
#...##...##..o.###.####...
#...##...@####...........#
#..)##.##...####....###.##
#...#..##...o....#..# #.# #####*
#......###.####.....#*#.# .....*
#.<..#)# #.#*...##......#
.....###....#.#*#....####...#..#*
......#.....#.#,....#* *..#.....,
.)....#.##..#.#,....* **.##...##,
#####...............#**..**.##**,


You could see an orc priest and an orc.

Vanquished Creatures
  Natasha (twice) (D:2)
  3 gnolls (D:2)
  2 adders (D:2)
  2 dart slugs (D:2)
  A ribbon worm (D:2)
  2 orcs (D:3)
  4 bats (D:2)
  2 endoplasms (D:3)
  A giant cockroach (D:2)
  6 hobgoblins
  7 jackals
  2 ball pythons (D:1)
  3 frilled lizards (D:2)
  4 goblins
  5 kobolds
  A rat (D:3)
47 creatures vanquished.

Notes
Turn   | Place    | Note
-------+----------+-------------------------------------------
     0 | D:1      | Lancus the Spriggan Earth Elementalist began the quest for
                  | the Orb.
     0 | D:1      | Reached XP level 1. HP: 9/9 MP: 5/5
    80 | D:1      | Found a faded altar of an unknown god.
   353 | D:1      | Reached skill level 3 in Spellcasting
   425 | D:1      | Reached XP level 2. HP: 13/13 MP: 4/7
  1119 | D:2      | Reached XP level 3. HP: 16/16 MP: 6/9
  1227 | D:2      | Noticed Natasha
  1243 | D:2      | Killed Natasha
  1244 | D:2      | Reached skill level 4 in Spellcasting
  1244 | D:2      | Reached XP level 4. HP: 9/21 MP: 7/11
  1273 | D:2      | Noticed Natasha
  1280 | D:2      | Killed Natasha
  1677 | D:2      | Reached skill level 5 in Spellcasting
  1677 | D:2      | Reached XP level 5. HP: 24/24 MP: 10/13
  1707 | D:2      | Noticed Natasha
  1877 | D:3      | Found Muepson's Assorted Antiques.
  1888 | D:3      | Found Igoirphodgh's Weapon Emporium.
  1910 | D:3      | Found a runed translucent door.
  1911 | D:3      | Noticed Crazy Yiuf
  2015 | D:3      | Killed from afar by an orc priest

Illustrated notes

Levels and vault maps discovered:
D:1:      nicolae_arrival_washed_ashore, layout_loops_ring,
          basic_ecumenical_altar
D:2:      layout_loops_ring, uniq_natasha
D:3:      layout_rooms, serial_shops, shop, shop, uniq_jessica, uniq_robin,
          uniq_crazy_yiuf_cottage

Skill      XL: |  1  2  3  4 |
---------------+-------------+-----
Earth Magic    | 3 |  3.9
Spellcasting   | 3 4 5 |  5.1
Dodging        | 3 |  3.0
Stealth        | |  3.2
Conjurations   | |  0.6

Action                     |  1- 3 |  4- 6 || total
---------------------------+-------+-------++-------
   Cast: Sandblast         |    41 |    49 ||    90
    Use: Scroll            |       |     6 ||     6
         Potion            |       |     2 ||     2
 Armour: Robe              |     9 |     3 ||    12
  Dodge: Dodged            |    23 |    14 ||    37
